 Dungeon Crawl Stone Soup version 0.20-a0-277-g7db01f4 (webtiles) character file.

85 Kidiri the Magician (level 4, -1/24 HPs)
             Began as a Deep Elf Fire Elementalist on Dec 11, 2016.
             Slain by an orc wizard
             ... wielding a +0 dagger
              (2 damage)
             ... on level 3 of the Dungeon.
             The game lasted 00:07:00 (2588 turns).

Kidiri the Magician (Deep Elf Fire Elementalist)    Turns: 2588, Time: 00:07:00

Health: -1/24      AC:  2    Str:  5    XL:     4   Next: 25%
Magic:  1/12       EV: 13    Int: 21    God:
Gold:   92         SH:  0    Dex: 15    Spells: 3/12 levels left

rFire  . . .     SeeInvis .     o - +0 dagger
rCold  . . .     Gourm    .     a - +0 robe
rNeg   . . .     Faith    .     (no shield)
rPois  .         Spirit   .     (no helmet)
rElec  .         Reflect  .     (no cloak)
rCorr  .         Harm     .     (no gloves)
MR     .....                    (no boots)
Stlth  ++........               (no amulet)
                                (no ring)
                                (no ring)

@: hasted, very quick
A: no striking features
a: no special abilities


You were on level 3 of the Dungeon.
You were not hungry.

You visited 1 branch of the dungeon, and saw 3 of its levels.

You collected 92 gold pieces.

Inventory:

Hand Weapons
 o - a +0 dagger (weapon)
Armour
 a - a +0 robe (worn)
 j - a +0 buckler
Jewellery
 k - an uncursed ring of ice
Scrolls
 d - a scroll of blinking
Potions
 e - a potion of berserk rage
 i - 2 potions of haste
 l - a potion of curing {unknown}
 m - a potion of magic {unknown}
Books
 b - a book of Flames

   Spells                             Type                      Level
   a - Flame Tongue                   Conjuration/Fire             1
   b - Throw Flame                    Conjuration/Fire             2
   c - Conjure Flame                  Conjuration/Fire             3
   d - Inner Flame                    Hexes/Fire                   3
   e - Sticky Flame                   Conjuration/Fire             4
   f - Fireball                       Conjuration/Fire             5
Comestibles
 c - 2 bread rations
 f - 2 meat rations
 g - 5 chunks of flesh
 h - 4 fruits


   Skills:
 - Level 2.4 Dodging
 - Level 2.4 Stealth
 * Level 4.6 Spellcasting
 + Level 2.1 Conjurations
 + Level 4.2 Fire Magic


You had 3 spell levels left.
You knew the following spells:

 Your Spells              Type           Power        Failure   Level  Hunger
a - Flame Tongue          Conj/Fire      ###..        3%          1    None
b - Throw Flame           Conj/Fire      ###...       6%          2    #......
c - Conjure Flame         Conj/Fire      ###.....     12%         3    ##.....
d - Inner Flame           Hex/Fire       ##......     17%         3    ##.....


Dungeon Overview and Level Annotations

Branches:
Dungeon (3/15)

Altars:
Qazlal
Xom


Message History

The orc wizard closely misses you.
Your magical contamination has completely faded away.
You bump into the rock wall.
You feel less confused.
The orc wizard casts a spell.
The orc wizard flickers and vanishes!
Deactivating autopickup; reactivate with Ctrl-A.
You hit something. Something hits you but does no damage.
Casting: Flame Tongue
Confirm with . or Enter, or press ? or * to list all spells.
You can't see any susceptible monsters within range! (Use Z to cast anyway.) Unknown command.
You see here a dagger.
You closely miss something.
You hear some strange, mumbled words.
A puff of flame appears from out of thin air!
The puff of flame hits you!
* * * LOW HITPOINT WARNING * * *
It was a potion of haste.
You feel yourself speed up. Something hits you.
You die...

.............+......
###########.##.....#
#<.+....?+ ####...._#
.....# ### ....##'##
..######### #.......#
..........# #)#
..........# #@#
..........# #.#
..........# ###'###
..........# #.....#
..........# #.....#
..........####.....#
##....[...'..'.(...#
#........####.....#####
########## #.........#


There were no monsters in sight!

Vanquished Creatures
  3 adders
  3 worms
  2 dart slugs
  A leopard gecko (D:1)
  3 orcs (D:3)
  A giant cockroach (D:1)
  3 goblins
  4 hobgoblins
  2 jackals (D:2)
  A ball python (D:3)
  5 bats
  8 frilled lizards
  4 kobolds
  5 rats
45 creatures vanquished.

Notes
Turn   | Place    | Note
-------+----------+-------------------------------------------
     0 | D:1      | Kidiri the Deep Elf Fire Elementalist began the quest for the Orb.
     0 | D:1      | Reached XP level 1. HP: 10/10 MP: 6/6
   970 | D:1      | Reached XP level 2. HP: 13/15 MP: 4/8
   974 | D:1      | Learned a level 2 spell: Throw Flame
  1407 | D:2      | Found a stormy altar of Qazlal.
  1672 | D:2      | Reached XP level 3. HP: 19/19 MP: 5/10
  1677 | D:2      | Learned a level 3 spell: Conjure Flame
  1681 | D:2      | Learned a level 3 spell: Inner Flame
  2329 | D:3      | Reached XP level 4. HP: 24/24 MP: 1/12
  2554 | D:3      | Found a shimmering altar of Xom.
  2587 | D:3      | HP: 1/24 [something/puff of flame (10)]
  2588 | D:3      | Slain by an orc wizard

Vault maps used:
D:1:      dpeg_arrival_rhombus
D:2:      overflow_temple_1_default
D:3:      overflow_temple_1_default

Skill      XL: |  1  2  3 |
---------------+----------+-----
Spellcasting   | 4 |  4.6
Fire Magic     | 4 |  4.2
Conjurations   | 2 |  2.1
Dodging        | |  2.4
Stealth        | |  2.4

Action                   |  1- 3 |  4- 6 || total
-------------------------+-------+-------++-------
Melee: Whip              |    11 |       ||    11
       Rapier            |     4 |       ||     4
       Dagger            |     3 |    20 ||    23
 Cast: Flame Tongue      |    49 |    16 ||    65
       Throw Flame       |    15 |     3 ||    18
  Use: Scroll            |     5 |     2 ||     7
       Potion            |       |     1 ||     1
 Stab: Sleeping          |     8 |       ||     8
  Eat: Chunk             |     4 |     1 ||     5
Armor: Robe              |     2 |     3 ||     5
Dodge: Dodged            |    20 |    19 ||    39
